 Dungeon Crawl Stone Soup version 0.25.1-2-g60ff931df9 (webtiles) character file.

Game seed: 15682567368652737299

370653 gruber the Devastator (level 21, -10/191 HPs)
             Began as a Green Draconian Venom Mage on Nov 17, 2020.
             Was the Champion of Vehumet.
             Mangled by a stone giant (35 damage)
             ... on level 4 of the Depths.
             The game lasted 02:19:28 (64128 turns).

gruber the Devastator (Green Draconian Venom Mage) Turns: 64128, Time: 02:19:28

Health: -10/191    AC: 21    Str:  7    XL:     21   Next: 99%
Magic:  2/42       EV: 21    Int: 30    God:    Vehumet [******]
Gold:   3462       SH: 10    Dex: 14    Spells: 18/54 levels left

rFire    + + .     SeeInvis .   v - +3 Elemental Staff {rElec rF++ rC++ MR++ AC+5}
rCold    + + .     Gourm    .   P - +3 warlock's mirror {reflect}
rNeg     . . .     Faith    .   (armour unavailable)
rPois    +         Spirit   .   F - +0 hat {Int+3}
rElec    +         Reflect  +   a - +1 cloak {rCorr}
rCorr    +         Harm     .   K - +0 pair of gloves
MR       +++..                  C - +1 pair of boots {run}
Stlth    +++.......             W - amulet of the Air {Inacc +Fly rElec EV+5 RMsl}
HPRegen  0.41/turn              E - ring "Erhoss" {rPois Str-4 Int+4 Stlth+}
MPRegen  0.28/turn              Y - ring of wizardry

@: short of breath, repel missiles, quick
A: breathe noxious fumes, unfitting armour, stinger 1, poison resistance,
cold-blooded, AC +11
}: 1/15 runes: barnacled
a: Breathe Noxious Fumes, Renounce Religion, Evoke Flight


You were on level 4 of the Depths.
You worshipped Vehumet.
Vehumet was exalted by your worship.
You were not hungry.

You visited 8 branches of the dungeon, and saw 38 of its levels.
You visited the Abyss 1 time.
You also visited: Ice Cave.

You collected 5379 gold pieces.
You spent 1917 gold pieces at shops.

Inventory:

Hand Weapons
 t - a +4 vampiric glaive
 v - the +3 Elemental Staff (weapon) {rElec rF++ rC++ MR++ AC+5}
   (You acquired it on level 2 of the Shoals)

   It affects your AC (+5).
   It greatly protects you from fire.
   It greatly protects you from cold.
   It insulates you from electricity.
   It affects your resistance to hostile enchantments.
 H - the +2 arbalest of Kismet {vorpal, *Drain rN+++ MP+9}
   (You found it on level 10 of the Dungeon)

   Any bolt fired from it inflicts extra damage.
   It renders you almost immune to negative energy.
   It affects your magic capacity (+9).
   It causes draining when unequipped.
 R - the +14 lance "Wyrmbane" {slay drac, rPois rF+ rC+ AC+3}
   (You found it on level 14 of the Dungeon)

   It affects your AC (+3).
   It protects you from fire.
   It protects you from cold.
   It protects you from poison.
Missiles
 r - 13 curare-tipped darts (quivered)
Armour
 a - a +1 cloak of preservation (worn)
 C - a +1 pair of boots of running (worn)
 F - a +0 hat of intelligence (worn)
 K - a +0 pair of gloves (worn)
 P - the +3 warlock's mirror (worn) {reflect}
   (You bought it in a shop on level 1 of the Vaults)
Jewellery
 f - a +4 ring of protection
 j - an uncursed ring of see invisible
 E - the ring "Erhoss" (left hand) {rPois Str-4 Int+4 Stlth+}
   (You found it on level 10 of the Dungeon)

   [ring of poison resistance]

   It affects your strength (-4).
   It affects your intelligence (+4).
   It protects you from poison.
   It makes you more stealthy.
 W - the amulet of the Air (around neck) {Inacc +Fly rElec EV+5 RMsl}
   (You found it on level 4 of the Shoals)

   [amulet of inaccuracy]

   It reduces the accuracy of all your attacks.
   It affects your evasion (+5).
   It insulates you from electricity.
   It lets you fly.
   It protects you from missiles.
 Y - a ring of wizardry (right hand)
Wands
 q - a wand of digging (4)
 x - a wand of enslavement (4)
 A - a wand of polymorph (41)
 L - a wand of flame (48)
 T - a wand of paralysis (5)
 V - a wand of disintegration (16)
 X - a wand of iceblast (9)
Scrolls
 d - 5 scrolls of blinking
 g - 6 scrolls of fog
 i - 7 scrolls of magic mapping
 n - a scroll of holy word
 p - a scroll of silence
 s - 7 scrolls of teleportation
 y - 4 scrolls of fear
 D - 14 scrolls of identify
 G - 22 scrolls of remove curse
 N - 5 scrolls of vulnerability
 O - 5 scrolls of summoning
Potions
 e - 9 potions of mutation
 h - 10 potions of curing
 l - 7 potions of stabbing
 m - 4 potions of might
 o - a potion of cancellation
 w - 8 potions of heal wounds
 z - 5 potions of haste
 B - 2 potions of resistance
 I - 3 potions of magic
 J - 9 potions of lignification
 Q - 6 potions of flight
 S - 2 potions of brilliance
 U - 2 potions of ambrosia
Comestibles
 b - 43 rations
 c - 4 chunks of flesh


   Skills:
 - Level 17.1 Fighting
 - Level 4.0(6.6) Polearms
 - Level 8.2(8.7) Staves
 - Level 7.5 Dodging
 - Level 1.7 Stealth
 - Level 12.1 Shields
 - Level 17.0 Spellcasting
 - Level 17.2 Conjurations
 - Level 3.3 Summonings
 - Level 1.0 Transmutations
 * Level 16.9 Fire Magic
 - Level 1.0 Air Magic
 - Level 10.3 Earth Magic
 - Level 10.0 Poison Magic


You had 18 spell levels left.
You knew the following spells:

 Your Spells              Type           Power        Failure   Level  Hunger
a - Iron Shot             Conj/Erth      ########..   1%          6    ##.....
b - Olgreb's Toxic Radia  Pois           ######..     1%          4    None
c - Ignite Poison         Fire/Tmut/Pois #######.     1%          3    None
d - Mephitic Cloud        Conj/Pois/Air  #######.     1%          3    None
e - Searing Ray           Conj           ######       0%          2    None
f - Blink                 Tloc           N/A          1%          2    None
g - Spellforged Servitor  Conj/Summ      ######....   2%          7    ####...
h - Fire Storm            Conj/Fire      ########..   16%         9    #######

Your spell library contained the following spells:

 Spells                   Type           Power        Failure   Level  Hunger
 Chain Lightning          Conj/Air       #######...   26%         8    ######.
 Shatter                  Erth           #######...   88%         9    #######
 Magic Dart               Conj           ####         0%          1    None
 Stone Arrow              Conj/Erth      ######       0%          3    None
 Apportation              Tloc           ####..       1%          1    None
 Corona                   Hex            ####...      1%          1    None
 Sandblast                Erth           ######       1%          1    None
 Shock                    Conj/Air       ####         1%          1    None
 Sting                    Tmut/Pois      ####         1%          1    None
 Summon Butterflies       Summ           #####...     1%          1    None
 Ensorcelled Hibernation  Hex/Ice        #####.       1%          2    None
 Passwall                 Tmut/Erth      ######..     1%          2    None
 Poisonous Vapours        Pois/Air       ######       1%          2    None
 Shroud of Golubria       Chrm/Tloc      ####..       1%          2    None
 Swiftness                Chrm/Air       #####...     1%          2    None
 Call Canine Familiar     Summ           #####...     1%          3    None
 Confusing Touch          Hex            ####....     1%          3    None
 Dazzling Flash           Conj/Hex       ######       1%          3    None
 Gell's Gravitas          Tloc           ####......   1%          3    None
 Lesser Beckoning         Tloc           ####......   1%          3    None
 Recall                   Summ/Tloc      N/A          1%          3    None
 Static Discharge         Conj/Air       #######.     1%          3    None
 Teleport Other           Tloc           ####....     1%          3    None
 Tukima's Dance           Hex            ####....     1%          3    None
 Airstrike                Air            #####.....   1%          4    None
 Fulminant Prism          Conj/Hex       ######....   1%          4    None
 Iskenderun's Mystic Bla  Conj/Tloc      ######..     1%          4    None
 Petrify                  Tmut/Erth      ######..     1%          4    None
 Alistair's Intoxication  Tmut/Pois      ######..     1%          5    None
 Bolt of Magma            Conj/Fire/Erth ########..   1%          5    None
 Irradiate                Conj/Tmut      ######....   1%          5    None
 Iskenderun's Battlesphe  Conj/Chrm      ######..     1%          5    None
 Lee's Rapid Deconstruct  Erth           #######...   1%          5    None
 Lightning Bolt           Conj/Air       #######...   1%          5    None
 Conjure Ball Lightning   Conj/Air       #######...   1%          6    ##.....
 Orb of Destruction       Conj           #######...   1%          7    ####...
 Summon Lightning Spire   Summ/Air       ######..     2%          4    None
 Summon Ice Beast         Ice/Summ       ######..     3%          4    None
 Aura of Abjuration       Summ           #####.....   4%          5    None
 Summon Demon             Summ           #####.....   4%          5    None
 Yara's Violent Unravell  Hex/Tmut       ####......   4%          5    None
 Passage of Golubria      Tloc           N/A          7%          4    None
 Summon Forest            Summ/Tloc      #####.....   10%         5    None
 Summon Mana Viper        Hex/Summ       #####...     10%         5    None
 Statue Form              Tmut/Erth      ######...    11%         6    ##.....
 Silence                  Hex/Air        #####.....   16%         5    None
 Metabolic Englaciation   Hex/Ice        #####.....   19%         5    None
 Shadow Creatures         Summ           N/A          26%         6    ##.....
 Hydra Form               Tmut           ####......   52%         6    ##.....
 Darkness                 Hex            ####......   67%         6    ##.....
 Invisibility             Hex            ####....     67%         6    ##.....
 Summon Hydra             Summ           #####.....   78%         7    ####...
 Dragon Form              Tmut           ####......   97%         7    ####...
 Tornado                  Air            #####.....   100%        9    #######


Dungeon Overview and Level Annotations

Branches:
Dungeon (15/15)            Temple (1/1) D:5            Lair (6/6) D:11
 Shoals (4/4) Lair:2       Spider (2/4) Lair:2        Slime (0/5) Lair:6
    Orc (2/2) D:9             Elf (0/3) Orc:2        Vaults (4/5) D:13
  Crypt (0/3) Vaults:2     Depths (4/5) D:15          IceCv (visited)

Altars:
Ashenzari
Cheibriados
Dithmenos
Elyvilon
Fedhas
Gozag
Hepliaklqana
Kikubaaqudgha
Makhleb
Nemelex Xobeh
Okawaru
Qazlal
Ru
Sif Muna
Trog
Uskayaw
Vehumet
Wu Jian
Xom
Yredelemnul
Zin
The Shining One
Jiyva
Lugonu

Shops:
D:4 [   D:14 =[   Orc:2 =(%[   Shoals:2 *([   Shoals:3 [   Vaults:1 *
Depths:2 ==

Portals:
Hell: Depths:1 Depths:2 Depths:3 Depths:4
Abyss: D:8 Depths:1 Depths:2 Depths:3 Depths:4
Pandemonium: Depths:3
Ziggurat: Depths:3

Annotations:
Lair:5 Nessos
Vaults:2 1 runed translucent door, gbos's ghost, adept DsBe
Vaults:4 Mennas
Depths:4 5 runed translucent doors


Innate Abilities, Weirdness & Mutations

You can breathe blasts of noxious fumes.
Your lurid green scales are hard. (AC +11)
You cannot fit into any form of body armour.
Your tail ends in a poisonous barb.
Your system is resistant to poisons. (rPois)
You are cold-blooded and may be slowed by cold attacks.


Message History

The stone giant is heavily wounded.
The stone giant looks even sicker.
The stone giant is engulfed in blazing flames.
The stone giant hits you!
* * * LOW HITPOINT WARNING * * *
Unknown command.
Unknown command.
Casting: Iron Shot (mildly dangerous; 1% risk of failure)
Confirm with . or Enter, or press ? or * to list all spells.
Okay, then.
Evoke which item? (* to show all) (? for menu, Esc to quit)
Aiming: Throw Flame
Press: ? - help, Shift-Dir - straight line, f/p - stone giant
Aim: a stone giant, quivering 4 large rocks (flame, severely wounded, very poisoned)
The puff of flame hits the stone giant but does no damage.
The stone giant is severely wounded.
Your toxic aura wanes.
The stone giant is engulfed in blazing flames.
The stone giant hits you!!
You die...

###...### ##QtCQ##.##
....### ...+ytVQ##.#
..### .###QQCC##.# ###
#.####+##.# #
#....##.##.# .###. ##.#)#
###..#.# ## ###....#.# [
# #.###.....@#.#
..!#.#.#...#.#C##.##
#......#.#(#°#.#..#####
###....)†...§..#......#
#.....##.#.#.#(#......##
...##.. ##.#.#.##.......#
..#.#.. #.([....#..######
..###..##+##.#).#......#
C......#..Q#.#C(#.....###


You could see a frost giant, a stone giant (very poisoned), a tengu reaver and a
vampire knight (wandering).

Vanquished Creatures
  2 juggernauts
  Margery (Vaults:3)
  A caustic shrike (Depths:4)
  Saint Roka (Vaults:2)
  Nikola (Vaults:2)
  the Enchantress (Depths:3)
  A golden dragon (Depths:1)
  A bone dragon (Abyss:4)
  3 tentacled monstrosities (Depths:4)
  A lich (Depths:2)
  2 tentacled starspawn (Abyss:4)
  A kraken (Shoals:1)
  Gastronok (D:8)
  2 sphinxes
  A shadow dragon (Depths:4)
  Agnes (D:15)
  2 storm dragons
  A tengu reaver (Depths:1)
  4 frost giants
  A deep elf sorcerer (Depths:4)
  7 fire giants
  5 vault wardens
  An emperor scorpion (Depths:3)
  An orc warlord (Vaults:1)
  6 ironheart preservers
  11 very ugly things
  5 spriggan defenders (Depths:3)
  2 entropy weavers
  5 caustic shrike skeletons (Depths:3)
  3 vampire knights
  19 stone giants
  A deep elf demonologist (Depths:1)
  A spark wasp (shapeshifter) (Depths:2)
  5 spark wasps
  A deep elf death mage (Vaults:3)
  5 ettins
  5 fire dragons
  Josephine (D:14)
  3 jiangshi (Depths:2)
  17 ogre magi
  7 great orbs of eyes
  10 merfolk impalers
  8 yaktaur captains
  4 ice dragons
  7 rakshasas
  3 hydras
  A catoblepas (D:15)
  An anaconda (Depths:3)
  A vault guard (Vaults:2)
  5 spriggan air magi
  An anaconda (shapeshifter) (Depths:1)
  43 two-headed ogres
  A death knight (D:14)
  3 satyrs
  8 merfolk aquamancers
  9 tengu warriors
  5 merfolk avatars
  15 centaur warriors
  7 spriggan berserkers
  7 deep troll earth magi
  4 deep troll shamans
  Urug (Lair:6)
  3 vampire magi
  A sun demon (Abyss:4)
  A wretched star (Abyss:4)
  5 deep elf knights
  2 iron trolls
  4 hell knights (Vaults:3)
  6 skeletal warriors
  A spatial maelstrom (Abyss:4)
  The ghost of gruber the Frost Mage, a novice DEIE of Vehumet (D:9)
  A glowing orange brain (Depths:4)
  2 unseen horrors
  7 spriggan druids (Depths:3)
  A flayed ghost (Vaults:1)
  The ghost of SergentPoivreBleu the Zephyrmancer, a novice TeAE of Okawaru (D:8)
  An orange crystal statue (Depths:1)
  24 deep trolls
  2 glowing orange brains (shapeshifter)
  14 sea snakes
  5 deep elf archers
  10 harpies
  A wizard (D:15)
  A lindwurm (Lair:6)
  4 ironbrand convokers
  8 deep elf magi
  8 orc knights
  9 orb spiders
  5 necromancers
  18 cyclopes
  An orc sorcerer (Vaults:1)
  2 orb spiders (shapeshifter)
  64 ugly things
  11 wolf spiders
  13 manticores
  7 fauns (Shoals:2)
  A salamander (shapeshifter) (Abyss:4)
  Maurice (D:8)
  A moth of wrath (Spider:2)
  6 merfolk sirens
  10 vault sentinels
  3 ice statues (IceCv)
  3 orange demons
  Psyche (D:8)
  2 naga magi (D:15)
  3 water nymphs
  4 molten gargoyles
  An eye of devastation (Abyss:4)
  2 centaur skeletons
  10 black mambas
  A spiny frog (shapeshifter) (Vaults:1)
  2 smoke demons (Abyss:4)
  A gargoyle (D:14)
  12 spiny frogs
  A torpor snail (Spider:2)
  A rime drake (shapeshifter) (Vaults:1)
  25 yaktaurs
  7 freezing wraiths
  A redback zombie (D:15)
  3 rime drakes
  3 ancient zymes (Abyss:4)
  5 demonic crawlers
  8 komodo dragons
  8 tengu conjurers
  7 ice devils (IceCv)
  17 trolls
  20 hornets
  A meliai (shapeshifter) (D:13)
  2 polar bears
  33 merfolk
  18 jumping spiders
  13 blink frogs
  A wind drake (shapeshifter) (Vaults:2)
  7 snapping turtles
  6 raiju (Abyss:4)
  15 slime creatures
  A slime creature (shapeshifter) (Depths:1)
  A raiju (shapeshifter) (Vaults:2)
  10 dream sheep
  13 hippogriffs
  A human simulacrum (Vaults:2)
  A redback (shapeshifter) (Depths:1)
  42 spriggans
  13 water elementals
  2 shadows (D:14)
  7 wraiths
  8 small abominations
  12 tarantellas
  5 wyverns
  2 vampires
  A human (shapeshifter) (Vaults:3)
  39 yaks
  2 humans (D:8)
  41 redbacks
  4 hogs (D:8)
  4 hungry ghosts
  A fire elemental (D:14)
  A chaos spawn (Abyss:4)
  2 neqoxecs (Abyss:4)
  7 basilisks
  3 steam dragons
  11 wargs
  An insubstantial wisp (Abyss:4)
  5 acid dragons
  3 large abominations (Abyss:4)
  A soldier ant (shapeshifter) (Vaults:3)
  9 hell hounds
  A floating eye (Depths:4)
  16 water moccasins
  Duvessa (D:4)
  A hornet zombie (D:15)
  5 porcupines
  2 black bears (shapeshifter)
  31 orc warriors
  2 black bears
  5 ice beasts
  2 phantoms
  4 sky beasts
  63 ogres
  An ettin simulacrum (Vaults:3)
  A necrophage (D:10)
  14 wolves
  A tengu (shapeshifter) (Vaults:4)
  16 boggarts
  2 eyes of draining
  13 centaurs
  11 crocodiles
  Blork the orc (D:4)
  A big kobold (D:11)
  19 bullfrogs
  6 earth elementals (D:15)
  Dowan (D:4)
  2 scorpions
  An elf simulacrum (Vaults:2)
  A wyvern skeleton (D:13)
  6 killer bees (D:12)
  10 wights
  2 electric eels
  2 howler monkeys
  7 lava snakes
  4 centaur zombies
  8 crimson imps
  6 jellies
  3 quasits
  13 orc priests
  5 hounds
  A gnoll shaman (D:5)
  2 bullfrog skeletons
  4 iguanas
  2 iron imps (Abyss:4)
  Ijyb (D:3)
  18 orc wizards
  8 worker ants
  2 spriggan simulacra (IceCv)
  A troll simulacrum (IceCv)
  3 centaur simulacra (IceCv)
  A howler monkey zombie (D:10)
  17 gnolls
  2 howler monkey skeletons
  An ogre simulacrum (IceCv)
  16 adders
  3 naga simulacra (IceCv)
  5 shadow imps
  2 oozes
  2 adder zombies (D:9)
  5 worms
  2 dart slugs
  3 leopard geckos
  75 orcs
  9 giant cockroaches
  3 goblins
  8 hobgoblins
  9 jackals
  13 kobolds
  2 quokkas
  2 ball pythons (D:5)
  9 bats
  5 frilled lizards
  A goblin zombie (D:8)
  9 rats
  A fungus (Lair:4)
  A tentacle (Shoals:1)
1585 creatures vanquished.

Vanquished Creatures (collateral kills)
  A frost giant (Depths:2)
  A fire giant (Depths:1)
  A tengu warrior (Depths:1)
  A deep troll earth mage (Depths:1)
  A thrashing horror (Abyss:4)
  An unseen horror (Abyss:4)
  An ugly thing (Depths:2)
  A small abomination (Abyss:4)
  A neqoxec (Abyss:4)
  A hell hound (Abyss:4)
  An ufetubus (Abyss:4)
11 creatures vanquished.

Vanquished Creatures (others)
  A wyvern (Lair:6)
  A small abomination (Abyss:4)
  A bush (Lair:2)
  5 fungi
  14 plants
  4 starspawn tentacles (Abyss:4)
  3 tentacles (Shoals:1)
  2 withered plants (Vaults:2)
31 creatures vanquished.

Grand Total: 1627 creatures vanquished

Notes
Turn   | Place    | Note
-------+----------+-------------------------------------------
     0 | D:1      | gruber the Draconian Venom Mage began the quest for the
                  | Orb.
     0 | D:1      | Reached XP level 1. HP: 14/14 MP: 3/3
   345 | D:1      | Reached XP level 2. HP: 12/20 MP: 5/5
  1069 | D:1      | Reached XP level 3. HP: 21/26 MP: 1/6
  1590 | D:2      | Reached XP level 4. HP: 33/33 MP: 7/7
  1647 | D:2      | Reached skill level 5 in Poison Magic
  2183 | D:2      | Learned a level 4 spell: Olgreb's Toxic Radiance
  2525 | D:2      | Reached XP level 5. HP: 38/38 MP: 8/8
  3259 | D:3      | Noticed Ijyb
  3290 | D:3      | Killed Ijyb
  3486 | D:3      | Found an ancient bone altar of Kikubaaqudgha.
  3530 | D:3      | Noticed an ice beast
  3645 | D:3      | Learned a level 3 spell: Ignite Poison
  3933 | D:4      | Noticed an ogre
  3949 | D:4      | Killed an ogre
  3949 | D:4      | Reached XP level 6. HP: 45/45 MP: 0/11
  4032 | D:4      | Noticed Blork the orc
  4040 | D:4      | Found Tucal's Antique Armour Shop.
  4343 | D:4      | Killed Blork the orc
  4658 | D:4      | Found a bloodstained altar of Trog.
  4705 | D:4      | Noticed Duvessa
  4715 | D:4      | Noticed Dowan
  5018 | D:3      | Learned a level 3 spell: Mephitic Cloud
  5182 | D:4      | Reached skill level 1 in Conjurations
  5182 | D:4      | Reached skill level 1 in Fire Magic
  5182 | D:4      | Reached skill level 1 in Air Magic
  5635 | D:4      | Your scales start taking on a lurid green colour.
  5635 | D:4      | Reached XP level 7. HP: 50/50 MP: 8/13
  5635 | D:4      | Gained mutation: Your system is resistant to poisons.
                  | (rPois) [Green Draconian growth]
  5792 | D:4      | Killed Duvessa
  6115 | D:4      | Killed Dowan
  6209 | D:5      | Entered Level 5 of the Dungeon
  6621 | D:5      | Reached skill level 10 in Poison Magic
  6621 | D:5      | Reached XP level 8. HP: 38/57 MP: 3/14
  7000 | D:5      | Reached skill level 5 in Spellcasting
  7290 | D:5      | Learned a level 2 spell: Searing Ray
  7315 | D:5      | Found a staircase to the Ecumenical Temple.
  7344 | Temple   | Entered the Ecumenical Temple
  8546 | D:6      | Reached XP level 9. HP: 58/62 MP: 12/19
  9077 | D:7      | Reached skill level 5 in Conjurations
  9325 | D:7      | Reached skill level 1 in Fighting
  9610 | D:7      | Found a shadowy altar of Dithmenos.
 10126 | D:8      | Found a runed translucent door.
 10129 | D:8      | Found a basalt altar of Yredelemnul.
 10304 | D:8      | Found a basalt altar of Yredelemnul.
 10311 | D:8      | Noticed Psyche
 10317 | D:8      | Killed Psyche
 10317 | D:8      | Reached skill level 5 in Fighting
 10432 | D:8      | Noticed an orange demon
 10455 | D:8      | Found a one-way gate to the infinite horrors of the Abyss.
 10466 | D:8      | Found a transporter.
 10485 | D:8      | Found a transporter.
 10486 | D:8      | Noticed SergentPoivreBleu's ghost (novice TeAE)
 10511 | D:8      | Noticed Gastronok
 10514 | D:8      | Noticed Maurice
 10527 | D:8      | Killed Maurice
 10545 | D:8      | Found a radiant altar of Vehumet.
 10866 | D:8      | Killed Gastronok
 10866 | D:8      | Reached XP level 10. HP: 72/91 MP: 4/20
 11081 | D:8      | Reached skill level 10 in Fighting
 11430 | D:9      | Found a staircase to the Orcish Mines.
 11669 | D:9      | Found a runed translucent gate.
 11669 | D:9      | Found a runed translucent gate.
 11669 | D:9      | Found a runed translucent gate.
 11671 | D:9      | Found an opulent altar of Gozag.
 11674 | D:9      | Noticed gruber's ghost (novice DEIE)
 11908 | D:9      | Found a blossoming altar of Fedhas.
 11908 | D:9      | Found a hazy altar of Hepliaklqana.
 12176 | D:8      | Became a worshipper of Vehumet
 12517 | D:10     | Entered Level 10 of the Dungeon
 12590 | D:10     | Reached XP level 11. HP: 99/102 MP: 9/21
 12664 | D:10     | Reached skill level 5 in Dodging
 12834 | D:10     | Noticed a deep elf mage
 12834 | D:10     | Noticed a deep elf mage
 12834 | D:10     | Noticed a tengu warrior
 12838 | D:10     | Killed a tengu warrior
 12840 | D:10     | Killed a deep elf mage
 12862 | D:10     | Killed a deep elf mage
 12868 | D:10     | Noticed a two-headed ogre
 13298 | D:10     | Got a twitching steel ring
 13327 | D:10     | Got a smoking arbalest
 13328 | D:10     | Identified the +2 arbalest of Kismet {vorpal, *Drain rN+++
                  | MP+9} (You found it on level 10 of the Dungeon)
 13329 | D:10     | Identified the ring "Erhoss" {rPois Str-4 Int+4 Stlth+}
                  | (You found it on level 10 of the Dungeon)
 13416 | D:10     | Killed a two-headed ogre
 13416 | D:10     | Reached * piety under Vehumet
 13416 | D:10     | Offered knowledge of Shock by Vehumet.
 14099 | D:11     | Noticed a cyan ugly thing
 14110 | D:11     | Killed a cyan ugly thing
 14129 | D:11     | Offered knowledge of Foxfire by Vehumet.
 14275 | D:11     | Reached ** piety under Vehumet
 14458 | D:11     | Found a staircase to the Lair.
 14951 | D:11     | Noticed a six-headed hydra
 14960 | D:11     | Killed a six-headed hydra
 15308 | Lair:1   | Entered Level 1 of the Lair of Beasts
 15613 | Lair:1   | Reached XP level 12. HP: 110/110 MP: 16/22
 15701 | Lair:1   | Offered knowledge of Conjure Flame by Vehumet.
 15701 | Lair:1   | Reached skill level 10 in Conjurations
 15709 | Lair:1   | Learned a level 6 spell: Iron Shot
 16080 | Lair:2   | Reached *** piety under Vehumet
 16478 | Lair:2   | Found a hole to the Spider Nest.
 16501 | Lair:2   | Offered knowledge of Hailstorm by Vehumet.
 16861 | Lair:2   | Found a staircase to the Shoals.
 17507 | Lair:3   | Reached **** piety under Vehumet
 18969 | Lair:4   | Offered knowledge of Static Discharge by Vehumet.
 18969 | Lair:4   | Reached XP level 13. HP: 116/116 MP: 16/25
 19421 | Lair:4   | Learned a level 2 spell: Blink
 19897 | Lair:1   | You fall into a shaft and drop 1 floor!
 20692 | Lair:4   | Reached skill level 10 in Spellcasting
 21551 | Lair:5   | Noticed Nessos
 21560 | Lair:6   | Entered Level 6 of the Lair of Beasts
 21999 | Lair:6   | Found a staircase to the Slime Pits.
 22000 | Lair:6   | Found a viscous altar of Jiyva.
 22467 | Lair:6   | Reached ***** piety under Vehumet
 22467 | Lair:6   | Noticed Urug
 22472 | Lair:6   | Killed Urug
 22875 | Lair:6   | Offered knowledge of Lee's Rapid Deconstruction by Vehumet.
 22877 | Lair:6   | Reached skill level 1 in Earth Magic
 23405 | Lair:6   | Reached skill level 5 in Earth Magic
 24245 | Lair:6   | Found a large runed translucent door.
 24248 | Lair:6   | Found a large runed translucent door.
 24260 | Lair:6   | Noticed a fire dragon
 24794 | Orc:1    | Entered Level 1 of the Orcish Mines
 24883 | Orc:2    | Entered Level 2 of the Orcish Mines
 24884 | Orc:2    | Found Wotato's Jewellery Shop.
 24890 | Orc:2    | Gained mutation: Your tail ends in a poisonous barb. [Green
                  | Draconian growth]
 24890 | Orc:2    | Reached XP level 14. HP: 124/124 MP: 29/29
 24893 | Orc:2    | Offered knowledge of Fireball by Vehumet.
 25655 | Orc:2    | Reached skill level 10 in Earth Magic
 25723 | Orc:2    | Found Apnumem's Weapon Boutique.
 25724 | Orc:2    | Found Edug's Food Boutique.
 25725 | Orc:2    | Found Ateujiez's Antique Armour Shoppe.
 25764 | Orc:2    | Found a staircase to the Elven Halls.
 27190 | D:12     | Found a frozen archway.
 27205 | IceCv    | Entered an ice cave
 27246 | IceCv    | Offered knowledge of Lightning Bolt by Vehumet.
 29221 | D:13     | Reached skill level 15 in Conjurations
 29315 | D:13     | Found a gate to the Vaults.
 30026 | D:14     | Reached XP level 15. HP: 32/129 MP: 10/30
 30039 | D:14     | Found Witisma's Antique Armour Shop.
 30048 | D:14     | Bought a pair of embroidered boots for 270 gold pieces
 30058 | D:14     | Identified a +1 pair of boots of running (You bought it in
                  | a shop on level 14 of the Dungeon)
 30101 | D:14     | Found the +8 lance "Wyrmbane" {slay drac, rPois rF+ rC+
                  | AC+3}
 30496 | D:14     | Offered knowledge of Ozocubu's Refrigeration by Vehumet.
 30763 | D:14     | Noticed Josephine
 30984 | D:14     | Killed Josephine
 31143 | D:14     | Found Xigrarph's Jewellery Boutique.
 31275 | D:15     | Entered Level 15 of the Dungeon
 32254 | D:15     | Noticed Agnes
 32260 | D:15     | Killed Agnes
 33351 | D:15     | Found a staircase to the Depths.
 33589 | Spider:1 | Entered Level 1 of the Spider Nest
 33598 | Spider:1 | Offered knowledge of Freezing Cloud by Vehumet.
 34252 | Spider:2 | Reached XP level 16. HP: 119/137 MP: 13/32
 34641 | Spider:2 | Offered knowledge of Starburst by Vehumet.
 35052 | Shoals:1 | Entered Level 1 of the Shoals
 35533 | Shoals:1 | Reached skill level 1 in Polearms
 36159 | Shoals:1 | Learned a level 7 spell: Spellforged Servitor
 36254 | Shoals:1 | Reached skill level 1 in Summonings
 36517 | Shoals:2 | Found Losyatz's Armour Emporium.
 36558 | Shoals:2 | Identified a scroll of acquirement
 36559 | Shoals:2 | Acquired the +3 Elemental Staff {rElec rF++ rC++ MR++ AC+5}
 36560 | Shoals:2 | Found the +3 Elemental Staff {rElec rF++ rC++ MR++ AC+5}
 36983 | Shoals:1 | Noticed a kraken
 36987 | Shoals:1 | Killed a kraken
 37476 | Shoals:2 | Found Daferch's General Store.
 37653 | Shoals:2 | Bought a scroll of blinking for 127 gold pieces
 37731 | Shoals:2 | Found Geagukod's Weapon Shoppe.
 37891 | Shoals:3 | Reached skill level 5 in Shields
 37987 | Shoals:3 | Reached skill level 1 in Staves
 38188 | Shoals:3 | Offered knowledge of Lehudib's Crystal Spear by Vehumet.
 38549 | Shoals:3 | Found Vukass's Armour Shop.
 38559 | Shoals:3 | Reached skill level 5 in Staves
 39000 | Shoals:4 | Entered Level 4 of the Shoals
 39313 | Shoals:4 | Reached XP level 17. HP: 125/144 MP: 24/35
 39779 | Shoals:4 | Got a barnacled rune of Zot
 40364 | Shoals:4 | Found the amulet of the Air {Inacc +Fly rElec EV+5 RMsl}
 40933 | Vaults:1 | Entered Level 1 of the Vaults
 41292 | Vaults:1 | Reached skill level 15 in Spellcasting
 41377 | Vaults:1 | Reached ****** piety under Vehumet
 42021 | Vaults:1 | Found Xunudd's Assorted Antiques.
 42029 | Vaults:1 | Bought the +3 warlock's mirror {reflect} for 1520 gold
                  | pieces
 42029 | Vaults:1 | Found the +3 warlock's mirror {reflect}
 42340 | Vaults:1 | Offered knowledge of Fire Storm by Vehumet.
 42340 | Vaults:1 | Offered knowledge of Shatter by Vehumet.
 42340 | Vaults:1 | Offered knowledge of Chain Lightning by Vehumet.
 44046 | Vaults:1 | Reached XP level 18. HP: 151/151 MP: 36/38
 44366 | Vaults:2 | Noticed Saint Roka
 44377 | Vaults:2 | Killed Saint Roka
 45097 | Vaults:2 | Found a runed translucent door.
 45097 | Vaults:2 | Noticed gbos's ghost (adept DsBe)
 45894 | Vaults:2 | Paralysed by a sphinx for 7 turns
 46251 | Vaults:2 | Noticed Nikola
 46258 | Vaults:2 | Killed Nikola
 46444 | Vaults:2 | Found a staircase to the Crypt.
 46444 | Vaults:2 | Found a basalt altar of Yredelemnul.
 46445 | Vaults:2 | Found an ancient bone altar of Kikubaaqudgha.
 47393 | D:9      | Killed gruber's ghost
 48235 | D:8      | Killed SergentPoivreBleu's ghost
 48297 | D:8      | Reached skill level 15 in Fighting
 49636 | Vaults:3 | Noticed Margery
 49640 | Vaults:3 | Reached XP level 19. HP: 172/172 MP: 38/40
 49662 | Vaults:3 | Killed Margery
 50169 | D:14     | Identified Qealoret's Grimoire of Contamination and the
                  | Traveller
 51114 | Vaults:4 | Noticed Mennas
 51931 | Depths:1 | Entered Level 1 of the Depths
 52176 | Depths:1 | Noticed a Tzitzimitl
 52952 | Depths:1 | Reached skill level 10 in Shields
 53359 | Depths:1 | Reached XP level 20. HP: 145/184 MP: 30/41
 53372 | Depths:1 | Noticed a juggernaut
 53675 | Depths:1 | Found a gateway to Hell.
 53782 | Depths:1 | Killed a juggernaut
 53894 | Depths:1 | Noticed a golden dragon
 53912 | Depths:1 | Killed a golden dragon
 53912 | Depths:1 | Reached skill level 5 in Fire Magic
 55815 | Depths:2 | Learned a level 9 spell: Fire Storm
 56130 | Depths:2 | Cast into level 4 of the Abyss (a lich)
 56309 | Abyss:4  | Noticed a bone dragon
 56447 | Abyss:4  | Reached skill level 10 in Fire Magic
 56523 | Abyss:4  | Noticed a bone dragon
 56544 | Abyss:4  | Killed a bone dragon
 56547 | Abyss:4  | HP: 6/184 [tentacled starspawn (14)]
 56565 | Abyss:4  | Noticed a bone dragon
 57219 | Depths:2 | Escaped the Abyss
 58057 | Depths:2 | Found Xuxtifiala's Jewellery Shoppe.
 58058 | Depths:2 | Found Gatyuw Ohon's Gadget Shop.
 58059 | Depths:2 | Found Gilut's Jewellery Shoppe.
 58760 | Depths:3 | Reached XP level 21. HP: 191/191 MP: 39/42
 59053 | Depths:3 | Found a bloodstained altar of Trog.
 59277 | Depths:3 | Found a one-way gate leading to the halls of Pandemonium.
 59811 | Depths:3 | Identified the +10 shortbow of the Median {vorpal, *Drain
                  | rN+ MR+}
 59956 | Depths:3 | Identified the +9 war axe of Bile {vorpal, rF++} (You found
                  | it on level 3 of the Depths)
 59964 | Depths:3 | Identified the cursed +3 short sword "Goblinbane" {freeze,
                  | Str+5}
 60095 | Depths:3 | Found a gateway to a ziggurat.
 60102 | Depths:3 | Noticed the Enchantress
 60109 | Depths:3 | Killed the Enchantress
 61889 | Depths:4 | Reached skill level 15 in Fire Magic
 62268 | Depths:4 | Found a runed translucent door.
 62269 | Depths:4 | Found a runed translucent door.
 62376 | Depths:4 | Found a runed translucent door.
 62622 | Depths:4 | Found a corrupted altar of Lugonu.
 63113 | Depths:4 | Found a runed translucent door.
 63120 | Depths:4 | Found a runed translucent door.
 63347 | Depths:4 | Noticed a caustic shrike
 63891 | Depths:4 | Killed a caustic shrike
 64066 | Depths:4 | Noticed a juggernaut
 64095 | Depths:4 | Killed a juggernaut
 64128 | Depths:4 | Mangled by a stone giant

Illustrated notes

Levels and vault maps discovered:
D:1:      lemuel_arrival_behind_the_door_small, layout_loops_cross
D:2:      layout_basic, minmay_misc_feat_chi, minmay_worlds_worst_comb
D:3:      minmay_door_path, layout_basic, kiku_gazebo_pond_becter, serial_glass,
          glass_columns_a, glass_columns_c, glass_columns_a, glass_columns_a,
          glass_columns_a, glass_columns_a, glass_columns_b, glass_columns_a,
          glass_columns_a, glass_columns_c, uniq_ijyb
D:4:      layout_cave_pools, lemuel_doored_altar, serial_shops, shop,
          uniq_blork_the_orc, uniq_duvessa
D:5:      layout_rooms, minmay_temple_entry_proselytizer, first_ration,
          eino_tiny_chamber, minivault_23, kennysheep_generic_room_7
D:6:      layout_basic
D:7:      layout_gridville, old_standard_altar
D:8:      layout_basic, lemuel_round_altar, old_standard_altar,
          gammafunk_ghost_abyssal_escape, grunt_livestock,
          dk_yredelemnul_ordeal, uniq_psyche, uniq_gastronok, uniq_maurice
D:9:      layout_basic, gammafunk_temple_overflow_wave, david_orc_2,
          ebering_ghost_gozag
D:10:     layout_irregular_city, minmay_radiant
D:11:     layout_basic, lair_entry_dummy
D:12:     layout_rooms, portal_ice_cave_rime
D:13:     layout_cave_pods, david_vaults_1, drop_trap
D:14:     layout_big_octagon, kennysheep_another_room, gauntlet_entry_generic,
          serial_shops, nicolae_shop_trees, kennysheep_little_box, minivault_12,
          uniq_josephine
D:15:     grunt_enter_depths_magical_seal, layout_cave_pools,
          minmay_misc_feat_four_crosses, hangedman_cracks_in_the_wall,
          uniq_agnes
Temple:   regret_index_temple_generic_petals
Lair:1:   layout_regular_city, cheibrodos_lair_reptile_den, grunt_megastairs_3,
          serial_bayou_shore_a
Lair:2:   layout_loops_ring, minmay_shoals_entry_lonely_mermaid,
          spider_nest_entry_webs, grunt_forest_stairs_clearing
Lair:3:   layout_cave_pods, columned_hall_lemuel, hibernation_bobbens,
          serial_bayou_shore_b
Lair:4:   statuecave_lemuel, layout_layer_cave
Lair:5:   layout_gridlike, uniq_nessos
Lair:6:   cheibrodos_lair_end_hotspot, layout_gridlike, slime_altar_1,
          chequers_serial_rivers_micro_a, uniq_urug
Shoals:1: layout_shoals
Shoals:2: layout_shoals, serial_shops, nicolae_shop_behind_doors, shop, shop
Shoals:3: layout_shoals, serial_shops, nicolae_shop_stone
Shoals:4: shoals_end_simple, layout_shoals
Spider:1: layout_spider_delve
Spider:2: layout_spider_delve, drop_trap
Orc:1:    cheibrodos_orc_guarddog, layout_diamond_mine
Orc:2:    st_orc_open, layout_caves
Vaults:1: vaults_room_door_hall, nicolae_vaults_twisting_passages, v_misc_25,
          v_alt_pattern_1, hangedman_vaults_stream, ontoclasm_vaults_gateway,
          vaults_standard_mumra_enter_the_diamond, vaults_dpeg_encased_lava,
          nicolae_vaults_sealed_display, vaults_dpeg_ring,
          layout_vaults_chaotic_city, serial_shops,
          nicolae_shop_overgrown_old_shop
Vaults:2: gammafunk_vaults_ghost_grave, nicolae_vaults_alarming, v_misc_19,
          hangedman_vaults_restitches, vaults_room_door_hall,
          vaults_room_glass_cross, hangedman_vaults_corner,
          nicolae_vaults_little_squares_1, vaults_mumra_lcd, v_rooms_4,
          ontoclasm_vaults_misaligned, minmay_crypt_entry_necro_gods,
          dpeg_vaults_monster_row, ontoclasm_vaults_ring_small,
          layout_vaults_omnibox, uniq_nikola, uniq_saint_roka
Vaults:3: vaults_room_door_ring, ontoclasm_vaults_ring_small,
          hangedman_vaults_maws, vaults_room_door_ring,
          nicolae_vaults_gold_heap, vaults_room_door_ring,
          layout_vaults_omnigrid, uniq_margery
Vaults:4: vaults_door_vault, v_misc_2, vaults_room_large_hall,
          hangedman_vaults_pinch, nicolae_vaults_bisected_slash,
          grunt_vaults_trifunnel, v_alt_pattern_2, hangedman_vaults_stitches,
          layout_vaults_ring, uniq_mennas
Depths:1: nicolae_legendary_halls, layout_basic, hangedman_coc_ice_floe,
          nicolae_abyss_entry_one_way_or_another, chequers_jeans,
          nrook_loot_triangle, minmay_statues_item, corexii_corridor_pit,
          st_stairs_12, hangedman_decor_riveting, minivault_15,
          kennysheep_inner_square, firewood_loft
Depths:2: minmay_distorted_concentric_squares, layout_basic, hell_entry,
          minmay_misc_feat_secret_circle, abyss_entry, minmay_variable_closet,
          corexii_leaking_fountain, minmay_shop_grove,
          infiniplex_staircase_zigzag_4
Depths:3: spriggan_forest, hell_entry, abyss_entry, pan_entry
Depths:4: minmay_the_grid_triangle_9x9_recursive_3_mashed
          [minmay_the_grid_triangle_9x9_thin_v,
          minmay_the_grid_triangle_9x9_warning,
          minmay_the_grid_triangle_9x9_skeleton,
          minmay_the_grid_triangle_9x9_prize_insulated,
          minmay_the_grid_triangle_9x9_longest,
          minmay_the_grid_triangle_9x9_zippers_vertical,
          minmay_the_grid_triangle_9x9_tough_junction,
          minmay_the_grid_triangle_9x9_from_above,
          minmay_the_grid_triangle_9x9_fully_insulated_deathbox],
          layout_honeycomb, abyss_entry_flame_altar, hell_entry,
          small_statue_intersection

Skill      XL: |  1  2  3  4  5  6  7  8  9 10 11 12 13 14 15 16 17 18 19 20 21 |
---------------+----------------------------------------------------------------+-----
Poison Magic   | 4 5 6 7 10 | 10.0
Spellcasting   | 3 4 7 8 11 12 14 16 17 | 17.0
Conjurations   | 1 3 6 9 13 15 17 | 17.2
Fire Magic     | 1 12 16 | 16.9
Air Magic      | 1 |  1.0
Fighting       | 9 11 15 17 | 17.1
Dodging        | 4 7 |  7.5
Earth Magic    | 7 10 | 10.3
Polearms       | 4 |  4.0
Summonings     | 3 |  3.3
Shields        | 5 11 12 | 12.1
Staves         | 6 8 |  8.2
Stealth        | |  1.7
Transmutations | |  1.0

Action                   |  1- 3 |  4- 6 |  7- 9 | 10-12 | 13-15 | 16-18 | 19-21 || total
-------------------------+-------+-------+-------+-------+-------+-------+-------++-------
Melee: Unarmed           |    28 |       |       |       |       |       |       ||    28
       Spear             |    75 |   137 |       |       |       |       |       ||   212
       Tailslap          |     8 |     7 |    21 |    16 |    22 |    23 |    60 ||   157
       Glaive            |       |     2 |   144 |   237 |   224 |    17 |       ||   624
       Staff             |       |       |       |       |       |   160 |   373 ||   533
       Lance             |       |       |       |       |       |       |   116 ||   116
Throw: Dart              |       |     1 |       |     1 |     2 |       |       ||     4
 Cast: Sting             |    18 |    51 |    11 |       |       |       |       ||    80
       Olgreb's Toxic Ra |       |     7 |    48 |    66 |   136 |   192 |   137 ||   586
       Ignite Poison     |       |       |    20 |    84 |   173 |   266 |   188 ||   731
       Searing Ray       |       |       |    11 |    18 |    47 |    22 |    44 ||   142
       Mephitic Cloud    |       |       |     3 |    22 |    14 |    10 |     5 ||    54
       Iron Shot         |       |       |       |       |   124 |   176 |   230 ||   530
       Spellforged Servi |       |       |       |       |       |     1 |     3 ||     4
 Abil: Breathe Noxious F |       |       |     9 |    14 |    35 |    20 |    32 ||   110
Evoke: Wand              |       |       |     5 |     1 |     4 |     8 |    23 ||    41
  Use: Scroll            |       |       |    11 |    18 |    13 |     4 |    10 ||    56
       Potion            |       |       |       |     1 |       |       |     2 ||     3
 Stab: Sleeping          |     1 |     7 |     1 |     7 |     2 |       |     1 ||    19
       Confused          |       |       |     1 |       |     1 |       |     2 ||     4
       Distracted        |       |       |       |       |       |       |     1 ||     1
  Eat: Chunk             |     1 |    13 |    21 |    31 |    47 |    65 |    32 ||   210
       Ration            |       |     1 |     1 |     1 |    11 |     1 |     9 ||    24
Armor: Skin              |    38 |    49 |    65 |   159 |   192 |   131 |   198 ||   832
Dodge: Dodged            |    68 |    92 |   109 |   363 |   421 |   261 |   482 ||  1796
       Repelled          |       |       |       |       |       |    16 |    37 ||    53
Block: Buckler           |       |       |       |       |       |    95 |   314 ||   409
       Reflection        |       |       |       |       |       |    15 |    41 ||    56
